cohdb
Replays
Latest Replays
All Replays
Popular Replays
Top Player Replays
Match Explorer
How It Works
Community
CoH3 Stats
Reddit
Sign in to upload your games and track your stats! →
Sign in with Steam
Match 24728203
Unlisted
Match 24728203
Overview
Messages
Build Orders
End
Selects Airborne Battlegroup
Selects Pathfinders
Pathfinder Squad
Construct Weapon Support Center
Sniper
Pathfinder Squad
Infantry Support Center
Selects Paratrooper Squad Paradrop
Paratrooper Squad Paradrop
Munitions Surplus
Construct Medical Station
Sniper
Paratrooper Squad Paradrop
Sniper
Construct Tank Depot
Sniper
Selects Anti-tank Gun Team Paradrop
Selects Recon Loiter
Selects Supply Drop
Supply Drop
Anti-tank Gun Team Paradrop
Recon Loiter
Improved M9 Bazooka Rockets
M1919 Machine Gun Team
Recon Loiter
Anti-tank Gun Team Paradrop
ConcernedApe
CAN'T DODGE THE RODGE
0
0
Comments
sign in to comment!
No comments posted yet!